 Dungeon Crawl Stone Soup version 0.18-a0-1577-gf591c28 (webtiles) character file.

173542 Chiseanne the Ninja (level 17, -12/72 HPs)
             Began as a Spriggan Assassin on Mar 18, 2016.
             Was an Initiate of Gozag.
             Killed from afar by a deep elf sorcerer (38 damage)
             ... with a blast of hellfire
             ... on level 3 of the Elven Halls on Mar 22, 2016.
             The game lasted 03:41:16 (45389 turns).

Chiseanne the Ninja (Spriggan Assassin)            Turns: 45389, Time: 03:41:16

Health: -12/72     AC: 10    Str:  7    XL:     17   Next: 18%
Magic:  0/25       EV: 47    Int: 13    God:    Gozag
Gold:   457        SH: 11    Dex: 27    Spells: 2 memorised, 12 levels left

rFire  + + .     SeeInvis +     e - +8 hand crossbow of Parts Unknown {velocity, Dex+3}
rCold  + + .     Gourm    .     K - +2 robe {MR+}
rNeg   . . .     Faith    .     A - +2 buckler {rC+ rF+}
rPois  .         Spirit   +     (helmet restricted)
rElec  +         Dismiss  .     p - +2 cloak of Starlight {rElec rC+ EV+4 Stlth--}
rCorr  .         Reflect  .     (gloves unavailable)
SustAt .         Harm     .     (boots unavailable)
MR     +++..                    Q - amulet of guardian spirit
Stlth  +++++++++.               N - +3 ring of protection
                                G - +2 ring of slaying

@: very slightly contaminated, very quick, extremely resistant to hostile
enchantments, incredibly stealthy
A: unfitting armour, see invisible, fire resistance 1, herbivore 3, speed 3,
slow metabolism 2
a: Potion Petition, Call Merchant, Bribe Branch, Renounce Religion
}: 1/15 runes: abyssal


You were on level 3 of the Elven Halls.
You worshipped Gozag.
Gozag was noncommittal.
You were very full.

You visited 5 branches of the dungeon, and saw 29 of its levels.
You visited the Abyss 2 times.
You visited 2 bazaars.
You also visited: Ice Cave and Volcano.

You collected 11629 gold pieces.
You spent 7818 gold pieces at shops.
You paid 3354 gold pieces to Gozag.

Inventory:

Hand Weapons
 a - the +8 rapier "Grim" {flame, rN+}
   (You found it on level 14 of the Dungeon)

   It has been specially enchanted to burn those struck by it, causing extra
   injury to most foes and up to half again as much damage against particularly
   susceptible opponents.
   It protects you from negative energy.
 d - a +1 rapier of protection
 e - the +8 hand crossbow of Parts Unknown (weapon) {velocity, Dex+3}
   (You bought it in a shop on level 12 of the Dungeon)

   Any bolt fired from it inflicts extra damage.
   It affects your dexterity (+3).
 s - a +1 rapier of venom
 w - the +4 blowgun "Uzaas" {speed, +Blink rC+}
   (You bought it in a shop in a bazaar)

   Attacks with this weapon are significantly faster.
   It protects you from cold.
   It lets you blink.
Missiles
 l - 3 curare-tipped needles {!*}
 y - 32 poisoned needles
 H - 7 bolts of flame
 I - 118 bolts (quivered)
 S - 9 steel bolts
 U - 2 throwing nets {!*}
 V - 6 silver bolts
 Y - 14 bolts of frost
Armour
 p - the +2 cloak of Starlight (worn) {rElec rC+ EV+4 Stlth--}
   (You bought it in a shop on level 8 of the Dungeon)

   It affects your evasion (+4).
   It protects you from cold.
   It insulates you from electricity.
   It makes you much less stealthy.
 A - a +2 buckler of resistance (worn)
 K - a +2 robe of magic resistance (worn)
Jewellery
 u - a +4 amulet of reflection
 x - an uncursed ring of poison resistance
 D - an uncursed amulet of regeneration
 G - a +2 ring of slaying (left hand)
 N - a +3 ring of protection (right hand)
 Q - an amulet of guardian spirit (around neck)
Wands
 b - a wand of teleportation (6/9)
 f - a wand of paralysis (8/24)
 z - a wand of disintegration (11/24)
 F - a wand of digging (1/24)
 M - a wand of confusion (16/48)
 X - a wand of disintegration (10/24)
Scrolls
 i - 2 scrolls of silence
 k - 2 scrolls of magic mapping
 m - 5 scrolls of teleportation
 o - 5 scrolls of fog
 J - 3 scrolls of immolation
 O - 10 scrolls of remove curse
 R - 11 scrolls of identify
 T - a scroll of amnesia
 W - a scroll of enchant weapon
 Z - 2 scrolls of brand weapon
Potions
 h - 3 potions of flight
 j - 3 potions of cure mutation
 q - 4 potions of curing
 t - 4 potions of cancellation
 v - 3 potions of heal wounds
 B - 3 potions of ambrosia
 C - 5 potions of berserk rage
 L - a potion of resistance
Miscellaneous
 n - a phantom mirror
 E - a lamp of fire
 P - a phial of floods
Comestibles
 g - 8 bread rations


   Skills:
 - Level 1.5 Fighting
 - Level 10.0(10.2) Short Blades
   Level 2.7(5.5) Long Blades
 - Level 10.0 Crossbows
 - Level 2.0 Throwing
 - Level 22.9 Dodging
 O Level 27 Stealth
 + Level 4.4 Shields
 - Level 1.3 Spellcasting
 - Level 10.0 Evocations


You had 12 spell levels left.
You knew the following spells:

 Your Spells              Type           Power        Failure   Level  Hunger
a - Dazzling Spray        Conj/Hex       #.......     91%         3    ####...
b - Mephitic Cloud        Conj/Pois/Air  #.......     91%         3    ####...


Dungeon Overview and Level Annotations

Branches:
Dungeon (15/15)            Temple (1/1) D:5            Lair (8/8) D:10
  Swamp (0/4) Lair:3        Snake (0/4) Lair:3        Slime (0/6) Lair:6
    Orc (2/2) D:10            Elf (3/3) Orc:2        Vaults (0/5) D:13
 Depths (0/5) D:15

Altars:
Ashenzari
Cheibriados
Dithmenos
Elyvilon
Fedhas
Gozag
Kikubaaqudgha
Makhleb
Nemelex Xobeh
Okawaru
Pakellas
Qazlal
Ru
Sif Muna
Trog
Vehumet
Xom
Yredelemnul
Zin
The Shining One
Beogh
Jiyva

Shops:
D:5 =   D:7 [   D:8 [   D:10 =   D:12 (   D:15 *?[   Orc:2 *[(=*[*   Elf:1 *

Portals:
Trove: Elf:3 (give +4 shadow dragon armour)

Annotations:
D:14 exclusion: Roxanne, Roxanne


Innate Abilities, Weirdness & Mutations

You are tiny and cannot use many weapons and most armour.
You have supernaturally acute eyesight.
You are a herbivore.
You cover ground extremely quickly.
You need consume almost no food.
Your flesh is heat resistant.


Message History

The deep elf sorcerer zaps a rod.
The lightning misses you.
You hear a shout!
Firing (i - inventory. (,) - cycle):
I - 120 bolts (quivered)
Press: ? - help, Shift-Dir - straight line, f/p - deep elf sorcerer
Aim: a deep elf sorcerer, wielding a lightning rod, wearing an ominously black robe and wearing a brightly glowing silver ring (moderately wounded, fast)
You shoot a bolt. The bolt hits the deep elf sorcerer!!
The deep elf sorcerer is severely wounded.
The deep elf sorcerer points at you and mumbles some strange words.
The hellfire explodes!
The blast of hellfire engulfs you!
The deep elf sorcerer zaps a rod.
The lightning hits you! You resist.
Firing (i - inventory. (,) - cycle):
I - 119 bolts (quivered)
Press: ? - help, Shift-Dir - straight line, f/p - deep elf sorcerer
Aim: a deep elf sorcerer, wielding a lightning rod, wearing an ominously black robe and wearing a brightly glowing silver ring (severely wounded, fast)
You shoot a bolt. The bolt hits the deep elf sorcerer!
The deep elf sorcerer is almost dead.
The deep elf sorcerer casts a spell at you.
The hellfire explodes!
The blast of hellfire engulfs you!
Ouch! That really hurt!
You die...
Your body crumbles into a pile of gold.

##........'.......#
##.....## #
##.......######.##
###.### #
##....##.## #.# #.#
# ##'#####.## #.#
#.# # #.# ##.###.#
#.# # #.# ##.##.#
#.# ## #.# ##.#.#
#.#####.
#.#########..#
#.......
#)........@..#
######..
#..#######..## #..
#### ###.### ###
#.....# #..e).#
##.e.## # ###(### #
###.(...### #
###.........#** #


You could see 2 deep elf sorcerers.

Vanquished Creatures
  A deep elf blademaster (Abyss:4)
  A frost giant (IceCv)
  A fire giant (D:14)
  5 deep elf sorcerers (Elf:3)
  A cacodemon (Abyss:4)
  Maud (Lair:4)
  An orc warlord (Orc:2)
  The ghost of Duffy the Eclecticist, an adept SpTm of Cheibriados (D:15)
  Nessos (D:13)
  3 deep elf demonologists
  2 deep elf annihilators
  A vault guard (D:13)
  Josephine (D:13)
  3 crystal guardians (Elf:3)
  A deep elf high priest (Elf:2)
  Harold (Lair:1)
  6 hydras
  2 ice dragons (D:15)
  An entropy weaver (shapeshifter) (D:15)
  A catoblepas (Lair:3)
  An alligator (shapeshifter) (Elf:3)
  3 centaur warriors
  A death yak (IceCv)
  An ogre mage (D:14)
  Urug (D:10)
  3 orc high priests
  A thrashing horror (Abyss:4)
  9 deep elf knights
  2 fire crabs
  4 unseen horrors
  Pikel (D:5)
  An obsidian statue (Orc:2)
  9 deep elf archers
  4 hill giants
  4 orc knights
  6 orc sorcerers
  A hornet (shapeshifter) (D:15)
  A hornet (D:14)
  2 cyclopes
  29 deep elf magi
  5 ugly things
  3 elephants (Lair:5)
  4 manticores
  5 griffons
  3 centaur zombies
  Maurice (D:13)
  An ice statue (IceCv)
  11 black mambas
  A gargoyle (D:13)
  A torpor snail (Lair:6)
  11 spiny frogs
  7 komodo dragons
  3 kobold demonologists
  A guardian mummy (Elf:3)
  A yaktaur (D:15)
  An ancient zyme (Abyss:2)
  19 polar bears
  15 trolls
  A tengu conjurer (D:14)
  3 two-headed ogres
  12 blink frogs
  A flying skull (Abyss:4)
  2 redbacks (Lair:8)
  11 spriggans (Lair:8)
  Eustachio (D:5)
  A centaur simulacrum (D:14)
  7 air elementals
  4 wyverns
  68 yaks
  7 water elementals
  3 shadows
  A vampire (D:13)
  A ynoxinul (Abyss:4)
  5 fire elementals (Elf:1)
  5 fire bats
  4 wraiths
  A steam dragon (D:12)
  Grum (D:11)
  3 neqoxecs (Abyss:4)
  10 hippogriffs
  A basilisk (Lair:7)
  2 vampire mosquitoes (D:12)
  2 hungry ghosts (D:13)
  A hippogriff (shapeshifter) (Elf:1)
  4 mottled dragons
  5 wargs
  A soldier ant (D:13)
  8 porcupines
  5 small abominations (Abyss:4)
  A hell hound (Volcano)
  23 water moccasins
  A swamp drake (Lair:1)
  A hornet simulacrum (D:14)
  30 orc warriors
  4 sky beasts
  2 phantoms
  4 ice beasts
  2 black bears (Lair:8)
  5 wasps
  45 wolves
  3 boggarts (D:14)
  10 centaurs
  2 eyes of draining
  11 ogres
  7 crocodiles
  7 big kobolds
  A gnoll sergeant (D:6)
  A wyvern zombie (D:14)
  2 earth elementals
  12 giant frogs
  2 scorpions
  8 killer bees
  4 howler monkeys
  14 wights
  3 electric eels
  7 crimson imps
  4 giant frog zombies
  4 jellies (Lair:6)
  9 hounds
  4 centaur skeletons
  12 orc priests
  37 orc wizards
  2 giant frog skeletons
  An iron imp (Abyss:4)
  Jessica (D:2)
  11 iguanas
  4 hell rats (Lair:4)
  9 worker ants
  17 sheep
  A hound skeleton (D:11)
  3 worker ant zombies
  11 gnolls
  2 howler monkey skeletons
  11 adders
  81 river rats
  7 shadow imps
  4 oozes
  An adder skeleton (D:6)
  2 adder zombies (D:9)
  2 dart slugs (D:1)
  3 giant geckos
  95 orcs
  5 giant cockroaches
  10 hobgoblins
  8 jackals
  16 kobolds
  4 quokkas
  4 ball pythons
  6 bats
  4 giant newts
  13 goblins
  A quokka skeleton (D:5)
  3 rats
  7 fungi
  3 plants
1027 creatures vanquished.

Vanquished Creatures (collateral kills)
  The ghost of Uhlv the Blocker, a journeyman GrFi of the Shining One (D:11)
  A centaur warrior (D:14)
  A dancing weapon (Elf:1)
  A tengu warrior (D:14)
  A spriggan (Lair:8)
  A deep elf knight (Elf:2)
  A giant orange brain (Abyss:4)
  A hill giant (D:14)
  2 deep elf magi
  2 elephants (Lair:5)
  A spiny frog (Lair:8)
  A spriggan druid (Lair:8)
  A polar bear (Lair:8)
  2 small abominations (Abyss:4)
  2 yaks (Lair:8)
  3 golden eyes (Abyss:4)
  A neqoxec (Abyss:4)
  A black bear (Lair:8)
  A wasp (Lair:8)
  A boggart (D:14)
  4 wolves (Lair:8)
  3 centaurs
  A crocodile (Lair:8)
  A scorpion (D:11)
  A killer bee (D:14)
  An orc wizard (D:10)
  An orc priest (D:10)
  A hound (D:10)
  A worker ant (D:14)
  2 orcs (D:10)
  A macabre mass (Abyss:4)
43 creatures vanquished.

Vanquished Creatures (others)
  20 dancing weapons
  An orc high priest (Orc:1)
  A polar bear (IceCv)
  A wyvern (Lair:8)
  A yak (IceCv)
  2 water elementals (Elf:1)
  An orc warrior (D:10)
  4 wolves (IceCv)
  A jelly (D:5)
  An orc wizard (D:9)
  2 goblins (Elf:2)
  15 fungi
  A plant (Lair:1)
  8 starspawn tentacles (Abyss:4)
  45 starspawn tentacle segments (Abyss:4)
104 creatures vanquished.

Grand Total: 1174 creatures vanquished

Notes
Turn   | Place    | Note
--------------------------------------------------------------
     0 | D:1      | Chiseanne the Spriggan Assassin began the quest for the Orb.
     0 | D:1      | Reached XP level 1. HP: 10/10 MP: 2/2
    46 | D:1      | Reached skill level 6 in Stealth
   141 | D:1      | Reached XP level 2. HP: 9/14 MP: 3/3
   811 | D:1      | Reached XP level 3. HP: 15/18 MP: 4/4
   993 | D:2      | Reached skill level 7 in Stealth
  1492 | D:2      | Reached XP level 4. HP: 22/22 MP: 5/5
  1991 | D:2      | Noticed Jessica
  2004 | D:2      | Killed Jessica
  2004 | D:2      | Reached skill level 8 in Stealth
  2279 | D:3      | Reached XP level 5. HP: 6/25 MP: 6/6
  3288 | D:4      | Found an oddly glowing altar of Pakellas.
  3332 | D:4      | Found a snail-covered altar of Cheibriados.
  3482 | D:5      | Entered Level 5 of the Dungeon
  3608 | D:5      | Found a staircase to the Ecumenical Temple.
  3671 | D:5      | Reached skill level 9 in Stealth
  3833 | D:5      | Found Ifayrruh's Jewellery Shop.
  3915 | D:5      | Reached XP level 6. HP: 30/30 MP: 7/7
  3924 | D:5      | Noticed a slave
  3925 | D:5      | Noticed a slave
  3926 | D:5      | Noticed Pikel
  3929 | D:5      | Noticed a slave
  3955 | D:5      | Killed Pikel
  3955 | D:5      | Reached skill level 5 in Short Blades
  3955 | D:5      | Reached skill level 5 in Dodging
  3955 | D:5      | Reached skill level 10 in Stealth
  3955 | D:5      | Reached XP level 7. HP: 20/33 MP: 8/8
  4020 | D:5      | Noticed Eustachio
  4025 | D:5      | Killed Eustachio
  4025 | D:5      | Reached skill level 11 in Stealth
  4316 | Temple   | Entered the Ecumenical Temple
  4331 | Temple   | Became a worshipper of Gozag Ym Sagoz the Greedy
  4566 | D:6      | Reached XP level 8. HP: 35/37 MP: 9/9
  4768 | D:6      | Reached skill level 12 in Stealth
  5063 | D:6      | Reached skill level 13 in Stealth
  5456 | D:6      | Reached XP level 9. HP: 41/41 MP: 10/10
  5692 | D:7      | Found Lickoinui's Antique Armour Shop.
  5705 | D:7      | Bought an embroidered robe for 16 gold pieces
  5705 | D:7      | Bought an embroidered cloak for 103 gold pieces
  5871 | D:7      | Reached skill level 14 in Stealth
  6947 | D:8      | Reached skill level 15 in Stealth
  6965 | D:8      | Found Tawi's Antique Armour Boutique.
  7122 | D:8      | Reached skill level 10 in Dodging
  7731 | D:9      | Reached XP level 10. HP: 35/46 MP: 11/11
  7976 | D:9      | Found a deep blue altar of Sif Muna.
  7976 | D:9      | Found an ancient bone altar of Kikubaaqudgha.
  7977 | D:9      | Found a basalt altar of Yredelemnul.
  8138 | D:9      | Reached skill level 16 in Stealth
  8403 | D:9      | Noticed a three-headed hydra
  8406 | D:9      | Killed a three-headed hydra
  8676 | D:10     | Entered Level 10 of the Dungeon
  8690 | D:10     | Found a staircase to the Lair.
  8803 | D:10     | Noticed a hill giant
  8827 | D:10     | Noticed Urug
  8866 | D:10     | Reached skill level 17 in Stealth
  9037 | D:10     | Bought an uncursed amulet of guardian spirit for 420 gold pieces
  9140 | D:10     | Killed Urug
  9633 | D:10     | Killed a hill giant
  9858 | D:10     | Found a staircase to the Orcish Mines.
  9902 | D:10     | Reached XP level 11. HP: 49/49 MP: 12/12
  9988 | D:10     | Reached skill level 18 in Stealth
 10604 | D:5      | Bought an uncursed ring of stealth for 227 gold pieces
 10803 | D:11     | Noticed a brown ugly thing
 10805 | D:11     | Killed a brown ugly thing
 10805 | D:11     | Reached skill level 10 in Short Blades
 10928 | D:11     | Noticed Uhlv's ghost (journeyman GrFi)
 11235 | D:11     | Noticed Grum
 11258 | D:11     | Killed Grum
 11647 | D:11     | Reached skill level 19 in Stealth
 12124 | D:11     | Noticed an unseen horror
 12161 | D:11     | Killed an unseen horror
 12361 | D:11     | HP: 2/49 [two-headed ogre/giant club (21)]
 12704 | D:11     | Noticed a red ugly thing
 12717 | D:11     | Killed a red ugly thing
 12890 | D:12     | Reached skill level 20 in Stealth
 12986 | D:12     | Noticed a sun demon
 13297 | D:12     | Reached XP level 12. HP: 37/53 MP: 13/13
 13843 | D:12     | Reached skill level 21 in Stealth
 14109 | D:13     | Noticed Josephine
 14118 | D:13     | Killed Josephine
 14356 | D:13     | Found a gate to the Vaults.
 14356 | D:13     | Noticed a vault guard
 14419 | D:13     | Found an iron altar of Okawaru.
 14430 | D:13     | Noticed Maurice
 14437 | D:13     | Killed Maurice
 14496 | D:13     | Reached skill level 22 in Stealth
 14778 | D:13     | Noticed an eight-headed hydra
 14780 | D:13     | Noticed Nessos
 14803 | D:13     | Killed Nessos
 14803 | D:13     | Reached skill level 15 in Dodging
 15020 | D:13     | Noticed a centaur warrior
 15656 | D:13     | Killed a vault guard
 15983 | D:12     | Bought the +12 long sword "Fasucwod" {venom, Str+8} for 880 gold pieces
 16054 | D:14     | Noticed Roxanne
 16161 | D:14     | Reached skill level 23 in Stealth
 16194 | D:14     | Noticed a fire giant
 16346 | D:13     | Reached XP level 13. HP: 57/57 MP: 12/14
 16453 | D:14     | Reached skill level 1 in Long Blades
 17088 | D:14     | Noticed a brown very ugly thing
 17364 | D:14     | Got a fine rapier
 17847 | D:14     | Killed a fire giant
 17943 | D:14     | Reached skill level 24 in Stealth
 17988 | D:14     | Reached skill level 1 in Evocations
 18199 | D:15     | Entered Level 15 of the Dungeon
 18305 | D:12     | Bought the +8 hand crossbow of Parts Unknown {velocity, Dex+3} for 585 gold pieces
 18357 | D:15     | Found Qehosum's Elemental Accessories.
 18367 | D:15     | Noticed Duffy's ghost (adept SpTm)
 18814 | D:15     | Reached skill level 5 in Evocations
 19375 | D:15     | Found a staircase to the Depths.
 19432 | D:15     | Identified the +8 rapier "Grim" {flame, rN+} (You found it on level 14 of the Dungeon)
 20311 | Orc:1    | Entered Level 1 of the Orcish Mines
 20417 | Orc:1    | Reached skill level 10 in Evocations
 20799 | Orc:1    | Found a roughly hewn altar of Beogh.
 20925 | Orc:2    | Entered Level 2 of the Orcish Mines
 21352 | Orc:2    | Found Akhusurro's Antique Armour Boutique.
 21709 | Orc:2    | Found Haniec's Antique Weapon Shop.
 21826 | Orc:2    | Found Huloirchi's Jewellery Emporium.
 21831 | Orc:2    | Reached XP level 14. HP: 59/61 MP: 22/22
 21862 | Orc:2    | Found Neburov's Assorted Antiques.
 21870 | Orc:2    | Bought a scroll of identify for 54 gold pieces
 22010 | Orc:2    | Found a staircase to the Elven Halls.
 22305 | Orc:2    | Reached skill level 25 in Stealth
 22455 | Orc:2    | Found Talyil's General Store.
 22495 | Orc:2    | Bought a scroll of magic mapping for 42 gold pieces
 22495 | Orc:2    | Bought 4 curare-tipped needles for 28 gold pieces
 22495 | Orc:2    | Bought a potion of degeneration for 12 gold pieces
 22495 | Orc:2    | Bought a potion of cancellation for 96 gold pieces
 22536 | Orc:2    | Noticed an orc warlord
 22547 | Orc:2    | HP: 2/61 [orc priest/divine providence (9)]
 23719 | Orc:2    | Found Lazyitod's Antique Armour Shoppe.
 23720 | Orc:2    | Found a gateway to a bazaar.
 23733 | Bazaar   | Entered a bazaar
 23733 | Bazaar   | Found Jiefuaw's Antique Armour Boutique.
 23733 | Bazaar   | Found Fimuc's Weapon Shop.
 23733 | Bazaar   | Found Buth's Weapon Shop.
 23747 | Bazaar   | Bought the +4 blowgun "Uzaas" {speed, +Blink rC+} for 291 gold pieces
 23751 | Bazaar   | Bought a runed robe for 8 gold pieces
 23751 | Bazaar   | Bought a glowing cloak for 54 gold pieces
 23751 | Bazaar   | Bought a glowing robe for 8 gold pieces
 23751 | Bazaar   | Bought a runed robe for 8 gold pieces
 23774 | Orc:2    | Bought a glowing robe for 15 gold pieces
 23777 | Orc:2    | Found Seujomih's General Store.
 23952 | Orc:2    | Killed an orc warlord
 24174 | Orc:2    | Bought a cursed amulet of inaccuracy for 22 gold pieces
 24247 | Orc:2    | Bought 6 silver bolts for 39 gold pieces
 24247 | Orc:2    | Bought a scroll of teleportation for 33 gold pieces
 24582 | Lair:1   | Entered Level 1 of the Lair of Beasts
 24683 | Lair:1   | Noticed Harold
 24785 | Lair:1   | Reached skill level 26 in Stealth
 24827 | Lair:1   | Killed Harold
 27230 | Lair:3   | Found a staircase to the Snake Pit.
 27299 | Lair:3   | Reached skill level 27 in Stealth
 27719 | Lair:3   | Found a staircase to the Swamp.
 28882 | Lair:4   | Noticed Maud
 28887 | Lair:4   | Killed Maud
 29386 | Lair:5   | Found a frozen archway.
 29490 | Lair:5   | Found a dark tunnel.
 29504 | Volcano  | Entered a volcano
 29746 | Lair:5   | Reached XP level 15. HP: 50/65 MP: 19/23
 30336 | IceCv    | Entered an ice cave
 31357 | IceCv    | Noticed a frost giant
 31398 | IceCv    | Killed a frost giant
 31584 | Lair:5   | Learned a level 3 spell: Dazzling Spray
 32350 | Lair:6   | Found a runed door.
 32351 | Lair:6   | Found a viscous altar of Jiyva.
 32365 | Lair:6   | Found a staircase to the Slime Pits.
 33110 | Lair:7   | Found an iron altar of Okawaru.
 33558 | Lair:8   | Entered Level 8 of the Lair of Beasts
 35029 | Lair:8   | HP: 1/65 [spriggan rider/spear (17)]
 35330 | Lair:8   | Learned a level 3 spell: Mephitic Cloud
 35635 | D:11     | Killed Uhlv's ghost
 35897 | D:15     | Bought a faintly glowing mottled dragon armour for 1125 gold pieces
 35908 | D:15     | Identified the +6 mottled dragon armour of Impatience {rN+} (You bought it in a shop on level 15 of the Dungeon)
 35938 | D:15     | Bought a scroll of silence for 142 gold pieces
 35938 | D:15     | Bought a scroll of enchant weapon for 142 gold pieces
 35938 | D:15     | Bought a scroll of identify for 38 gold pieces
 35938 | D:15     | Bought a scroll of magic mapping for 66 gold pieces
 35938 | D:15     | Bought a scroll of identify for 38 gold pieces
 35938 | D:15     | Bought a scroll of identify for 38 gold pieces
 35938 | D:15     | Bought a scroll of magic mapping for 66 gold pieces
 36191 | D:8      | Bought the +2 cloak of Starlight {rElec rC+ EV+4 Stlth--} for 1336 gold pieces
 36288 | Orc:2    | Bought an uncursed ring of poison resistance for 220 gold pieces
 36440 | D:15     | Reached skill level 1 in Spellcasting
 36549 | D:15     | Bought a glowing buckler for 112 gold pieces
 36549 | D:15     | Bought an embroidered robe for 17 gold pieces
 36549 | D:15     | Bought an embroidered robe for 17 gold pieces
 36968 | Elf:1    | Entered Level 1 of the Elven Halls
 37447 | Elf:1    | Reached XP level 16. HP: 54/69 MP: 18/24
 38543 | Elf:1    | Found Qegabune's Assorted Antiques.
 38573 | Elf:1    | Bought a scroll of identify for 48 gold pieces
 38573 | Elf:1    | Bought a potion of heal wounds for 120 gold pieces
 38573 | Elf:1    | Bought a scroll of fog for 48 gold pieces
 38573 | Elf:1    | Bought an encrusted falchion for 192 gold pieces
 38573 | Elf:1    | Bought a potion of curing for 72 gold pieces
 38573 | Elf:1    | Bought a scroll of recharging for 228 gold pieces
 38573 | Elf:1    | Bought a scroll of fog for 48 gold pieces
 38574 | Elf:1    | Identified the +0 falchion of the Wasteland {speed, Fragile MR+ Str+4} (You bought it in a shop on level 1 of the Elven Halls)
 38619 | Elf:1    | Cast into level 2 of the Abyss (a deep elf demonologist)
 38789 | Abyss:2  | Noticed an Executioner
 38997 | Abyss:2  | Noticed a tentacled starspawn
 39002 | Elf:1    | Escaped the Abyss
 39192 | Elf:1    | Reached skill level 1 in Crossbows
 39555 | Elf:2    | Found a gateway to a bazaar.
 39800 | Elf:2    | Cast into level 4 of the Abyss (hand axe of distortion)
 39973 | Abyss:4  | Noticed a tentacled starspawn
 40070 | Abyss:4  | Found a corrupted altar of Lugonu.
 40110 | Abyss:4  | Noticed a tentacled starspawn
 40220 | Abyss:4  | Noticed a tentacled starspawn
 40242 | Abyss:4  | Noticed a deep elf blademaster
 40244 | Abyss:4  | Killed a deep elf blademaster
 40244 | Abyss:4  | Reached skill level 5 in Crossbows
 40268 | Abyss:4  | Noticed a tentacled starspawn
 40621 | Abyss:4  | Noticed a tentacled starspawn
 40723 | Abyss:4  | Noticed a tentacled starspawn
 40750 | Abyss:4  | Noticed a tentacled starspawn
 40802 | Abyss:4  | Found a shadowy altar of Dithmenos.
 40937 | Abyss:4  | Noticed a bone dragon
 40954 | Abyss:4  | Noticed a tentacled starspawn
 41023 | Abyss:4  | Found a runed door.
 41023 | Abyss:4  | Found a runed door.
 41026 | Abyss:4  | Found a runed door.
 41061 | Abyss:4  | Gained mutation: Your flesh is heat resistant. [a neqoxec]
 41069 | Abyss:4  | Got an abyssal rune of Zot
 41128 | Elf:2    | Escaped the Abyss
 41757 | D:15     | Killed Duffy's ghost
 42499 | Elf:2    | Found a runed gate.
 42499 | Elf:2    | Found a runed gate.
 42499 | Elf:2    | Found a runed gate.
 43072 | Bazaar   | Entered a bazaar
 43074 | Bazaar   | Found Deck's Magic Scroll Boutique.
 43078 | Bazaar   | Found Qepsu's Distillery.
 43078 | Bazaar   | Found Wilab's Gadget Boutique.
 43079 | Bazaar   | Found Zofifer's Assorted Antiques.
 43095 | Bazaar   | Bought a potion of curing for 54 gold pieces
 43095 | Bazaar   | Bought a potion of heal wounds for 90 gold pieces
 43107 | Bazaar   | Bought a scroll of enchant weapon for 67 gold pieces
 43107 | Bazaar   | Bought 2 scrolls of brand weapon for 360 gold pieces
 43107 | Bazaar   | Bought a scroll of identify for 18 gold pieces
 43107 | Bazaar   | Bought a scroll of identify for 18 gold pieces
 43107 | Bazaar   | Bought a scroll of identify for 18 gold pieces
 43107 | Bazaar   | Bought a scroll of fog for 18 gold pieces
 43107 | Bazaar   | Bought a scroll of teleportation for 27 gold pieces
 43109 | Bazaar   | Bought 3 scrolls of immolation for 94 gold pieces
 43142 | Elf:3    | Entered Level 3 of the Elven Halls
 44320 | Elf:3    | Found a portal to a secret trove of treasure.
 44327 | Elf:3    | Reached skill level 10 in Crossbows
 44489 | Elf:3    | Reached skill level 1 in Shields
 44629 | Elf:3    | Reached XP level 17. HP: 37/72 MP: 12/25
 45389 | Elf:3    | Killed from afar by a deep elf sorcerer

Vault maps used:
D:1:      dpeg_arrival_short_road, serial_forest,
          infiniplex_forest_lined_room_3, infiniplex_forest_lined_room_2,
          infiniplex_forest_clump_long, infiniplex_forest_clump_medium,
          infiniplex_forest_clump_double, infiniplex_forest_zigzag_2,
          st_stairs_11
D:2:      uniq_jessica
D:3:      minmay_misc_feat_room
D:4:      kennysheep_little_box, cheibriados_altar_1
D:5:      temple_doors_c, serial_shops, nicolae_shop_stone, first_bread,
          uniq_eustachio, uniq_pikel
D:6:      minmay_flawed_box, kennysheep_generic_room_2
D:7:      serial_shops, nicolae_shop_overgrown_old_shop
D:8:      serial_shops, shop
D:9:      gammafunk_temple_overflow_claw, hangedman_ranch, serial_park_tiny_1
D:10:     erik_lair_island, hiddenorc1_lemuel, serial_park_tiny_2, uniq_urug
D:11:     uniq_grum
D:13:     david_vaults_5, serial_bayou_pond_c, okawaru_ov_weapons_minmay,
          uniq_nessos, uniq_maurice, uniq_josephine
D:14:     hangedman_cross_veins, uniq_roxanne
D:15:     grunt_enter_depths_hoard, hex_tiny, nicolae_elemental_shop
Temple:   nicolae_temple_elliptical
Lair:1:   hibernation_bobbens, uniq_harold
Lair:2:   minivault_19, grunt_megastairs_3, infiniplex_staircase_pool
Lair:3:   swamp_mist_pool, minmay_snake_entry_six_corridors,
          hibernation_bobbens, lemuel_fruit_tree
Lair:4:   grunt_megastairs_4, serial_bayou_shore_b, uniq_maud
Lair:5:   enter_volcano_4, portal_ice_cave_entry_pillars_03
Lair:6:   slime_altar_2
Lair:7:   ldierk_geyser, lemuel_centaur_altar
Lair:8:   minmay_lair_end_enchanted_forest, minmay_stone_trees_small,
          serial_bayou_ford_a
Orc:1:    basic_altar
Orc:2:    grunt_orc_gardens, grunt_orc_garden, grunt_orc_garden,
          grunt_orc_garden, grunt_orc_garden, serial_shops, statue_bzr, shop,
          shop, shop
Elf:1:    serial_shops, shop, evilmike_minifort, spider_trap
Elf:2:    serial_shops, bzr_entry_customers
Elf:3:    minmay_elf_hall_golems, nicolae_trove_entry_path_of_doom,
          grunt_megastairs_2, basic_stair_grate_trap
Abyss:4:  hangedman_abyss_rune_treasure_dump
Bazaar:   bazaar_outfitter, bazaar_minmay_cross
IceCv:    ice_cave_caverns_02
Volcano:  volcano_pools

Skill      XL: |  1  2  3  4  5  6  7  8  9 10 11 12 13 14 15 16 17 |
---------------+----------------------------------------------------+-----
Stealth        | 6 7 8 9 10 11 13 15 17 20 23 24 27 | 27.0
Dodging        | 2 3 4 5 6 8 10 11 13 15 17 21 22 | 22.9
Short Blades   | 3 5 6 8 9 10 | 10.0
Long Blades    | 2 |  2.7
Evocations     | 10 | 10.0
Spellcasting   | 1 |  1.3
Crossbows      | 10 | 10.0
Shields        | 2 4 |  4.4
Fighting       | |  1.5
Throwing       | |  2.0

Action                   |  1- 3 |  4- 6 |  7- 9 | 10-12 | 13-15 | 16-18 || total
-------------------------+-------+-------+-------+-------+-------+-------++-------
Melee: Dagger            |    78 |    95 |   396 |  1205 |    33 |       ||  1807
       Short sword       |       |       |       |   152 |       |       ||   152
       Long sword        |       |       |       |    35 |   995 |       ||  1030
       Rapier            |       |       |       |       |   429 |   626 ||  1055
       Double sword      |       |       |       |       |    10 |       ||    10
 Fire: Blowgun           |     7 |    21 |    70 |   175 |    42 |    15 ||   330
       Hand crossbow     |       |       |       |       |   141 |    89 ||   230
Throw: Throwing net      |       |       |     4 |     7 |       |       ||    11
       Tomahawk          |       |       |       |    14 |     2 |       ||    16
Invok: Call Merchant     |       |       |       |     2 |     2 |       ||     4
Evoke: Wand              |       |       |     8 |    27 |    42 |    28 ||   105
       Lamp of fire      |       |       |       |       |     4 |     3 ||     7
       Box of beasts     |       |       |       |       |    10 |       ||    10
       Phial of floods   |       |       |       |       |     1 |     2 ||     3
       Sack of spiders   |       |       |       |       |       |    13 ||    13
  Use: Scroll            |     9 |     9 |     7 |    11 |    23 |    12 ||    71
       Potion            |       |       |     3 |     6 |    13 |    20 ||    42
 Stab: Sleeping          |    10 |    17 |    40 |    48 |   140 |    18 ||   273
       Distracted        |     2 |     1 |     2 |    17 |    49 |     9 ||    80
       Invisible         |       |       |     4 |     5 |       |       ||     9
       Held in net/web   |       |       |     1 |     6 |       |     1 ||     8
       Confused          |       |       |       |     5 |    10 |       ||    15
       Paralysed         |       |       |       |       |       |     2 ||     2
  Eat: Fruit             |       |       |     6 |       |    23 |     5 ||    34
       Pizza             |       |       |       |     6 |     1 |     1 ||     8
       Royal jelly       |       |       |       |       |     2 |     1 ||     3
